 Dungeon Crawl Stone Soup version 0.29.0-13-gc9e81de378 (webtiles) character file.

Game seed: 5101481914450611556

42 smilodon the Trooper (level 3, 0/29 HPs)
             Began as a Demonspawn Fighter on Sept 9, 2022.
             Slain by a goblin
             ... wielding a +0 dagger
              (3 damage)
             ... on level 2 of the Dungeon.
             The game lasted 00:01:43 (1354 turns).

smilodon the Trooper (Demonspawn Fighter)           Turns: 1354, Time: 00:01:43

Health: 0/29       AC:  6    Str: 16    XL:     3   Next: 35%
Magic:  3/3        EV:  8    Int: 11    God:
Gold:   36         SH:  4    Dex: 12    Spells: 2/2 levels left

rFire   . . .      SeeInvis .   a - +0 flail
rCold   . . .      Faith    .   c - +0 buckler
rNeg    . . .      Spirit   .   b - +0 scale mail
rPois   .          Reflect  .   (no helmet)
rElec   .          Harm     .   (no cloak)
rCorr   .          Rampage  .   (no gloves)
Will    .....                   (no boots)
Stlth   ..........              (no amulet)
HPRegen 0.09/turn               (no ring)
MPRegen 0.08/turn               (no ring)

@: no status effects
A: hooves 1
a: no special abilities


You were on level 2 of the Dungeon.
You visited 1 branch of the dungeon, and saw 2 of its levels.

You collected 36 gold pieces.

Inventory:

Hand Weapons
 a - a +0 flail (weapon)
Armour
 b - a +0 scale mail (worn)
 c - a +0 buckler (worn)
Scrolls
 e - 2 scrolls of identify
Potions
 d - a potion of might
 f - a potion of cancellation


   Skills:
 + Level 3.4 Fighting
 + Level 2.3 Maces & Flails
 + Level 3.0 Armour
 + Level 3.1 Shields


You had 2 spell levels left.
You didn't know any spells.
Your spell library was empty.

Dungeon Overview and Level Annotations

Branches:
Dungeon (2/15)

Altars:


Innate Abilities, Weirdness & Mutations

You have large cloven feet.


Message History

An adder is nearby!
A worm comes into view.
The adder hisses angrily.
There is a stone staircase leading down, spattered with blood here.
You barely miss the adder. Your kick misses the adder. The adder misses you.
The adder bites you but does no damage.
You completely miss the adder.
The adder bites you but does no damage. x3
You hit the adder but do no damage. The adder barely misses you.
The adder bites you. x2
You are poisoned.
The adder poisons you!
You closely miss the adder. Your kick misses the adder.
You feel very sick. The adder barely misses you.
The worm bites you but does no damage. The adder bites you but does no damage.
The worm closely misses you.
You barely miss the adder.
You feel sick. You block the adder's attack. The adder bites you.
The worm bites you. The adder bites you.
* * * LOW HITPOINT WARNING * * *
You are too injured to fight recklessly!
Okay, then.
Okay, then.
You feel sick. The adder barely misses you. The adder attacks as you move away!
The adder bites you but does no damage.
You feel yourself speed up.
You feel sick.
You are no longer poisoned.
You block the adder's attack. The adder attacks as you move away!
You block the adder's attack.
You miss the adder. You kick the adder.
The adder is moderately wounded.
The adder bites you but does no damage. The adder bites you.
* * * LOW HITPOINT WARNING * * *
The adder attacks as you move away! The adder bites you but does no damage.
A worm and a goblin come into view.
The goblin shouts!
The adder attacks as you move away! The adder bites you but does no damage.
A giant cockroach comes into view.
The adder bites you but does no damage. The adder closely misses you.
The goblin hits you with a +0 dagger.
You die...

... .. #.. .# .# ###.
#.. #.# .#
#...###..##.##.#
.....#... .....
.........##.#B#
....... #<#.#.#
.......###>.g.#####.#
........#.#..@.......
........>..wS######.#
......##........w...
#...# #..##########
### #..# #..# ..?#
..... ####.#


You could see a worm, an adder, a giant cockroach and a goblin.

Vanquished Creatures
  Natasha (D:2)
  A dart slug (D:1)
  An endoplasm (D:1)
  3 goblins (D:1)
  2 hobgoblins (D:1)
  2 kobolds (D:1)
  3 ball pythons (D:1)
  A bat (D:1)
  A frilled lizard (D:1)
15 creatures vanquished.

Notes
Turn   | Place    | Note
-------+----------+-------------------------------------------
     0 | D:1      | smilodon the Demonspawn Fighter began the quest for the
                  | Orb.
     0 | D:1      | Reached XP level 1. HP: 18/18 MP: 1/1
   395 | D:1      | Gained mutation: You have large cloven feet. [demonic
                  | ancestry]
   395 | D:1      | Reached XP level 2. HP: 17/24 MP: 2/2
  1318 | D:2      | Noticed Natasha
  1326 | D:2      | Killed Natasha
  1327 | D:2      | Reached XP level 3. HP: 20/29 MP: 3/3
  1354 | D:2      | Slain by a goblin

Illustrated notes

Levels and vault maps discovered:
D:1:      lightli_arrival_noodles, layout_basic, minmay_tromino_v2
D:2:      layout_loops_ring, ebering_ecumenical_altar_rust, uniq_robin,
          uniq_natasha

Skill      XL: |  1  2 |
---------------+-------+-----
Maces & Flails | 2 |  2.3
Armour         | 3 |  3.0
Shields        | 3 |  3.1
Fighting       | |  3.4

Action                   || total
-------------------------++-------
Melee: Flail             ||    49
       Kick              ||     6
  Use: Scroll            ||     1
Armor: Scale mail        ||    27
Dodge: Dodged            ||    26
Block: Buckler           ||    11
